 Dungeon Crawl Stone Soup version 0.13-a0-2236-g7be3fc8 (webtiles) character file.

161 JacquesDerrida the Poker (level 3, 0/29 HPs)
             Began as a Demigod Skald on July 4, 2013.
             Slain by a kobold
             ... wielding a +0,+0 whip
              (4 damage)
             ... on Level 2 of the Dungeon.
             The game lasted 00:03:15 (1701 turns).

JacquesDerrida the Poker (Demigod Skald)            Turns: 1701, Time: 00:03:16

HP   0/29        AC  6     Str 15      XL: 3   Next: 45%
MP   5/8         EV 10     Int 18      God:
Gold 106         SH  0     Dex 15      Spells:  1 memorised,  6 levels left

Res.Fire  : . . .   See Invis. : .   a - +0 spear {=f}
Res.Cold  : . . .   Warding    : .   v - +0 elf leather armour
Life Prot.: . . .   Conserve   : .   (no shield)
Res.Poison: .       Res.Corr.  : .   (no helmet)
Res.Elec. : .       Clarity    : .   (no cloak)
Sust.Abil.: . .     Spirit.Shd : .   k - +2 pair of elf gauntlets
Res.Mut.  : .       Stasis     : .   (no boots)
Res.Rott. : .       Flight     : .   (no amulet)
Saprovore : . . .                    (no ring)
                                     q - ring of sustenance

@: mildly poisoned, slightly resistant to hostile enchantments, unstealthy
A: no striking features
a: no special abilities


You were on level 2 of the Dungeon.
You were not hungry.

You visited 1 branch of the dungeon, and saw 2 of its levels.

You collected 86 gold pieces.

Inventory:

Hand weapons
 a - a +0,+0 spear (weapon) {=f}
Missiles
 j - 20 poisoned needles
 m - a throwing net (quivered)
Armour
 b - a +0 leather armour
 k - a +2 pair of elven gauntlets (worn)
 v - a +0 elven leather armour (worn)
Comestibles
 d - a bread ration
 f - a pear
 l - a meat ration
 o - an apple
 u - a chunk of rat flesh
Scrolls
 e - a scroll of remove curse {unknown}
 g - a scroll of identify {unknown}
 h - 2 scrolls of magic mapping {unknown}
 i - a scroll of amnesia {unknown}
Jewellery
 q - a ring of sustenance (left hand)
Potions
 n - a potion of resistance {unknown}
 p - a potion of brilliance {unknown}
 r - a potion of speed {unknown}
 s - a potion of slowing {unknown}
 t - a potion of poison {unknown}
Books
 c - a book of Battle

   Spells                             Type                      Level
   *Infusion                          Charms                       1
   Shroud of Golubria                 Charms/Translocation         2
   Song of Slaying                    Charms                       2
   Spectral Weapon                    Hexes/Charms                 3
   Regeneration                       Charms/Necromancy            3
   Song of Shielding                  Charms                       5


   Skills:
 - Level 1.7 Fighting
 * Level 3.1 Polearms
 - Level 0.8 Armour
 - Level 0.8 Dodging
 - Level 2.5 Spellcasting
 - Level 2.6 Charms


You had 6 spell levels left.
You knew the following spells:

 Your Spells              Type           Power        Failure   Level  Hunger
a - Infusion              Chrm           ##....       8%          1    #......


Dungeon Overview and Level Annotations

Branches:
Dungeon (2/27)


Message History

You closely miss the adder.
The adder is almost dead.
You feel sick. The adder bites you but does no damage.
The kobold hits you with a whip.
* * * LOW HITPOINT WARNING * * *
The adder bites you but does no damage. The rat barely misses you.
You closely miss the adder.
The adder is almost dead.
* * * LOW HITPOINT WARNING * * *
You feel sick. The adder barely misses you. The kobold closely misses you.
You hit the adder!
You kill the adder!
Your Polearms skill increases to level 3!
* * * LOW HITPOINT WARNING * * *
You feel sick.
You are feeling less magically infused.
The rat bites you.
* * * LOW HITPOINT WARNING * * *
The kobold hits you with a whip.
You die...

# . ##. .# #.. ..#
..# #.#.#.## .. #
####.##.. ..# #.#
#.....%K# #.#
#.##.....r@##.#
#.........#.#
#.........## .#
.#.......#.#...# #
#..(.......#
#.#..##.%.....###.#
#.......)#.....# ..#
....####.#####.##...
.................b


You could see a kobold and a rat.

Vanquished Creatures
  An adder (D:2)
  4 giant geckos
  An ooze (D:1)
  4 bats
  6 giant cockroaches
  3 hobgoblins
  5 kobolds
  A ball python (D:1)
  3 giant newts (D:1)
  9 goblins
  7 rats
44 creatures vanquished.

Notes
Turn   | Place    | Note
--------------------------------------------------------------
     0 | D:1      | JacquesDerrida, the Demigod Skald, began the quest for the Orb.
     0 | D:1      | Reached XP level 1. HP: 17/17 MP: 4/4
   308 | D:1      | Reached XP level 2. HP: 22/24 MP: 6/6
  1091 | D:2      | Reached XP level 3. HP: 20/29 MP: 8/8
  1464 | D:2      | Found a blossoming altar of Fedhas.
  1464 | D:2      | Found a bloodstained altar of Trog.
  1475 | D:2      | Found a radiant altar of Vehumet.
  1701 | D:2      | Reached skill level 3 in Polearms
  1701 | D:2      | Slain by a kobold

Action                   || total
-------------------------++-------
Melee: Spear             ||   204
 Cast: Infusion          ||     1
 Stab: Sleeping          ||     1
